[Event "Grand Prix Romania 1st Stage 2024"]
[Site "Bucuresti"]
[Date "2024.03.23"]
[Round "4.10"]
[White "Banzea, Alexandru-Bogdan"]
[Black "Brunello, Sabino"]
[Result "1-0"]
[ECO "D00"]
[WhiteElo "2394"]
[BlackElo "2515"]
[Annotator "TA"]
[PlyCount "105"]
[EventDate "2024.03.20"]
[EventType "swiss"]
[EventCountry "ROU"]
[SourceTitle "playchess.com"]
[Source "ChessBase"]
[SourceQuality "1"]
[TimeControl "900+5"]

1. d4 Nf6 2. Nc3 d5 3. Bf4 g6 4. e3 Bg7 5. h4 O-O ({Better is} 5... h5 $11) 6. h5 $1 $14 Nxh5 (6... c5 $11) 7. Rxh5 $16 gxh5 8. Qxh5 {[%emt 0:00:05][%cal Og1f3] White is better.} e6 (8... Nd7 $16 {was necessary.}) 9. Bd3 {[%emt 0:00:03][%csl Gd3][%cal Rh5h7][%mdl 1024] White has strong compensation.} f5 10. Nf3 {[%emt 0:00:20] Threatens to win with 0-0-0.} Nd7 11. O-O-O {[%emt 0:00:45] Rh1 is the strong threat.} Nf6 12. Qh2 {[%emt 0:00:48][%cal Od1h1] White has more active pieces.} c5 13. Ne5 $18 (13. dxc5 Ng4 14. Qg3 Qe8 $17) 13... c4 14. Be2 b5 15. Nxb5 {[%emt 0:00:09] Excellent horsemanship.} (15. Rh1 $1 $18) 15... Qb6 (15... Bd7 $16) 16. Nc3 $1 Ba6 (16... Bd7 $142) 17. Rh1 (17. Na4 $18 {and White stays clearly on top.} Qa5 18. Nc3) 17... Rab8 $16 18. f3 {[%emt 0:00:21] Dancing on a razor blade.} (18. Na4 Qb5 19. b3 Qb4 $11) ({White must play} 18. Nd1 $1 $16 {[%cal Oe5d7] Hoping for Nd7!} Rb7 (18... c3 $2 19. Nd7 $18) 19. Kb1 (19. g4 c3 $11)) 18... Qxb2+ 19. Kd2 Rb3 $2 20. axb3 $18 cxb3 21. Bxa6 Qxc2+ 22. Ke1 Qxc3+ 23. Kf2 {[%emt 0:00:03] Black must now prevent Bh6.} Qc2+ (23... b2 $142) 24. Kg3 $1 b2 25. Bd3 Qd2 (25... Qc3 {keeps fighting.} 26. Bh6 Bxh6 27. Qxh6 Qc7 28. Qg5+ Qg7 29. Qxg7+ Kxg7) 26. Bg5 (26. e4 $142 Qc3 27. exf5 Qxd4 28. fxe6) 26... h5 27. Qg1 $4 (27. Qh4 $18) 27... Rc8 $2 (27... Nh7 $19 28. Bf4 Bxe5 29. Bxe5 Qxd3) 28. Qe1 $11 Qc1 (28... Ne4+ $11 {keeps the balance.} 29. Bxe4 Bxe5+ 30. dxe5 Qxe1+ 31. Rxe1 dxe4) 29. Kh4 $2 {[%emt 0:00:26][%mdl 8192] [#]} (29. Qb4 $1 $16 {[%cal Rb4e7] And now Qe7! would win.} Nd7 (29... Qxh1 $2 30. Qe7 $18) 30. Qd6 (30. Rxh5 Nxe5 31. dxe5 Bxe5+ 32. Bf4 Qxe3 $14)) 29... Qxe1+ $2 ({Black should try} 29... Ne4 $1 $19 30. fxe4 Bxe5 31. exd5 (31. dxe5 $2 {is the wrong capture.} dxe4 32. Kxh5 exd3 $19) (31. exf5 $2 Qxe1+ 32. Rxe1 Rc1 $19) (31. Kxh5 $2 dxe4 32. Bxe4 fxe4 $19) 31... Qxe1+ 32. Rxe1 Rc1 33. dxe6 Rxe1 34. dxe5 b1=Q (34... b1=R 35. Kxh5 Rb7 36. e7 $11) 35. Bxb1 Rh1+ 36. Kg3 Rxb1) 30. Rxe1 Rc1 31. Re2 Nh7 32. f4 Rh1+ (32... b1=R {simplifies} 33. Bxb1 Rxb1 34. Ra2 Rh1+) 33. Kg3 Nxg5 34. Rxb2 h4+ 35. Kf2 Bxe5 36. dxe5 {[%emt 0:00:09][%mdl 4096] Endgame. KRB-KRN} Nh3+ 37. Ke2 {[%emt 0:00:06] Rb8+ would now be deadly.} (37. Kf3 $5 Ng1+ $8 38. Kf2 Nh3+ 39. Ke2 Ng1+ 40. Kf2 Nh3+ $11) 37... Rg1 $2 {[%emt 0:00:09][%mdl 8192] Black is now going downhill.} 38. Rb8+ $18 (38. gxh3 $2 {loses.} Rg2+ 39. Kd1 Rxb2 $19) 38... Kg7 39. gxh3 {[%emt 0:00:01] KRB-KR} Rg2+ 40. Kf3 Rg3+ 41. Kf2 Rxh3 42. Rb7+ Kf8 43. Rxa7 Rh2+ 44. Kf3 Rh3+ 45. Kf2 Rh2+ 46. Kf1 {[%emt 0:00:06] White is clearly winning.} Rh3 47. Rh7 Rxe3 48. Be2 d4 {[%emt 0:00:14] [#]} (48... h3 $142 49. Kf2 Rb3) 49. Kf2 $1 ({Weaker is} 49. Rxh4 d3 50. Bh5 Re4 $14) 49... h3 50. Bf3 Ra3 51. Rxh3 Ra2+ 52. Kg3 d3 53. Rh2 {[%emt 0:00:06] Weighted Error Value: White=0.55/Black=0.55.  Loses game:     	White=1     	Black=2      Missed win:     	White=1     	Black=2      Mistake:       	White=4     	Black=9      Inaccurate:     	White=1     	Black=2      OK:         	White=16    	Black=18     Best:        	White=6     	Black=2      Strong:       	White=3     	---} 1-0

[Event "Grand Prix Romania 1st Stage 2024"]
[Site "Bucuresti"]
[Date "2024.03.23"]
[Round "4.11"]
[White "Sargsyan, Shant"]
[Black "Ben Ari, Yannay"]
[Result "1-0"]
[ECO "B40"]
[WhiteElo "2637"]
[BlackElo "2434"]
[Annotator "TA"]
[PlyCount "195"]
[EventDate "2024.03.20"]
[EventType "swiss"]
[EventCountry "ROU"]
[SourceTitle "playchess.com"]
[Source "ChessBase"]
[SourceQuality "1"]
[TimeControl "900+5"]

1. e4 c5 2. Nf3 e6 3. g3 Nc6 4. Bg2 Nf6 5. Qe2 e5 6. O-O Be7 7. c3 O-O 8. Rd1 {[%emt 0:00:08] The position is equal.} Re8 9. Na3 Bf8 10. d3 h6 {[%emt 0:00:03] Prevents Bg5} 11. Nc4 d6 12. a4 Be6 13. Ne3 d5 14. h3 (14. exd5 $11 Nxd5 15. Nc4) 14... d4 $15 (14... dxe4 $6 15. dxe4 Nd7 16. Nd5 $11) 15. Nf5 Bxf5 16. exf5 e4 (16... Qd7 $15) 17. dxe4 $11 Nxe4 {[%emt 0:00:06] Excellent horsemanship.} 18. Qc2 Qf6 19. Nxd4 Nxg3 (19... Nxf2 $1 $15 20. Qxf2 cxd4) 20. Nxc6 Ne2+ 21. Kf1 $1 bxc6 22. Be3 Ng3+ 23. fxg3 Rxe3 24. Qf2 $1 $36 {[%emt 0:00:02][%mdl 2048] White has some pressure.} Rae8 {[%emt 0:00:21] aiming for ...c4.} 25. Re1 Rxe1+ 26. Rxe1 Rxe1+ 27. Kxe1 {[%emt 0:00:08][%mdl 4096] Endgame. KQB-KQB} Bd6 (27... Qd6 $11) 28. g4 $14 h5 29. Kd1 hxg4 30. hxg4 Qg5 31. Qe2 Qe7 32. Bxc6 Qxe2+ 33. Kxe2 $16 {[%emt 0:00:01] KB-KB} Kf8 34. Kd3 Ke7 (34... Bf4 $16) 35. Bd5 (35. Kc4 $18) 35... f6 36. Kc4 {[%emt 0:00:03] Kb5 is the strong threat.} Kd7 37. Be4 Kc7 (37... Be7 $16 38. Kd5 a5) 38. Kd5 (38. a5 $1 $18) 38... a5 39. Bd3 Bf8 40. Be2 Bd6 41. Bb5 Bf8 42. Ke6 {[%emt 0:00:20] Black must now prevent Kf7.} Bd6 43. Kf7 Bf4 44. Kxg7 Bg5 45. Kf8 Kd6 46. Kf7 Kc7 47. Ke6 Kb6 48. Kd6 Bf4+ 49. Ke7 Bg5 50. Kd7 Bc1 51. Ke6 Bg5 52. Bf1 Bh4 53. Kd5 Bg5 54. Kc4 Bc1 55. Kb3 (55. Be2 $142) 55... Bg5 (55... Kc6 $142 56. Bg2+ Kd6) 56. Kc2 (56. Bg2 $142) 56... Bf4 (56... Kc7 $142 57. Bg2 Kd6) 57. Bc4 ({Better is} 57. Kd3) 57... Bg5 58. Kd3 Bc1 59. Ke4 Bg5 (59... Bxb2 $14 60. g5 fxg5) 60. Kd5 Bc1 61. Ke6 Bg5 62. Bd5 Bh4 63. Be4 Bg5 64. Bf3 Bh4 65. Bg2 Bg5 66. Kd5 Bc1 67. b3 Bd2 68. Kc4 (68. Bf3 $142) 68... Bg5 ({Black should play} 68... Kc7) 69. Bf1 Bd2 70. Be2 ({White should try} 70. Kd5 $1 $16) 70... Bg5 (70... Kc6 $14) 71. Bd1 Bd2 72. Bc2 (72. Kd5 $16) 72... Bg5 (72... Kc6 $14) 73. Kd5 Bd2 74. c4 Be3 75. Bd1 Bd2 {[%emt 0:00:08] [#]} 76. b4 $1 cxb4 (76... axb4 77. a5+) 77. c5+ Kc7 {[%emt 0:00:02] [#]} 78. Kc4 $1 Be3 79. Kb5 Bd4 $2 (79... Bd2 80. Bb3 (80. Kxa5 Kc6 $11) 80... Be3) 80. Bb3 $1 $18 (80. Kxa5 Bxc5 81. Kb5 Be7 $14) 80... Be3 81. Bd5 $1 (81. Kxa5 Bxc5 82. Kb5 Bf8 $11) 81... Bd4 {[%emt 0:00:10] [#]} 82. c6 $2 ({Less strong is} 82. Kxa5 Bxc5 83. Kb5 Be7 $14) (82. Be4 $1 $18 {[%cal Oc5c6] is the precise move to win. And now c6! would win.} b3 83. c6 (83. Kxa5 Bxc5 84. Kb5 Bd6 $11)) 82... Bb6 $16 83. Bc4 {[%emt 0:00:19] White is more active.} Be3 84. Bb3 Bb6 $2 (84... Bf2 $16) 85. Ba2 $2 (85. Bd5 $18 Bf2 86. Kxa5) 85... Be3 86. Be6 ({Don't play} 86. Kxa5 $6 Kxc6 87. Kxb4 Bd2+ 88. Kc4 Kb6 $16) 86... Bb6 $2 (86... Bf2 $16) 87. Bd5 $18 Be3 88. Kxa5 {[%emt 0:00:08] White mates.} b3 89. Kb5 ({Weaker is} 89. Bxb3 Kxc6 90. Bc4 Kc5 $16) 89... b2 90. Be4 Bf4 91. a5 Bd2 92. a6 Be3 {[%emt 0:00:01] [#]} 93. g5 $1 Kb8 (93... b1=R+ 94. Bxb1) 94. gxf6 Bd4 95. f7 Bg7 {[%emt 0:00:02] [#]} 96. f6 $1 Bh6 (96... b1=R+ 97. Bxb1) 97. Kc4 Bf8 98. Kd5 {[%emt 0:00:02] Weighted Error Value: White=0.13 (very precise) /Black=0.13 (very precise) .  Loses game:     	---       	Black=2      Missed win:     	White=1     	---        Mistake:       	White=10    	Black=12     Inaccurate:     	White=2     	Black=4      OK:         	White=26    	Black=29     Best:        	White=6     	Black=7      Strong:       	White=4     	---} 1-0

[Event "Grand Prix Romania 1st Stage 2024"]
[Site "Bucuresti"]
[Date "2024.03.23"]
[Round "4.12"]
[White "Soltanici, Ruslan"]
[Black "Chigaev, Maksim"]
[Result "0-1"]
[ECO "C70"]
[WhiteElo "2339"]
[BlackElo "2617"]
[Annotator "TA"]
[PlyCount "114"]
[EventDate "2024.03.20"]
[EventType "swiss"]
[EventCountry "ROU"]
[SourceTitle "playchess.com"]
[Source "ChessBase"]
[SourceQuality "1"]
[TimeControl "900+5"]

1. e4 e5 2. Nf3 Nc6 3. Bb5 a6 4. Ba4 b5 5. Bb3 g6 6. c3 {[%emt 0:01:55] C70: Ruy Lopez: 3...a6 4 Ba4, Norwegian and Delayed Schliemann.} Bg7 7. d4 exd4 8. cxd4 Nge7 9. d5 Na5 10. Bd2 Nxb3 {[%emt 0:02:12] 10...c5 is not played anymore.} 11. Qxb3 {[%emt 0:00:02] 11.axb3 is not played anymore.} O-O 12. Bc3 Bxc3+ 13. Nxc3 d6 14. O-O c5 15. dxc6 Nxc6 16. Nd5 Be6 17. Rfd1 Rc8 18. Qa3 a5 19. Nf4 ({Better is} 19. Qd3 $14) 19... b4 20. Qd3 Bg4 $146 ({Predecessor:} 20... Qf6 21. Nxe6 Qxe6 22. h4 Ne5 23. Qxd6 Nxf3+ 24. gxf3 Rc2 25. b3 Qh3 26. Qf4 Rc3 {½-½ Van Foreest,L (2544)-Spyropoulos,N (2425) Paleochora op 14th 2021 (5)}) 21. Qxd6 Bxf3 22. Qxd8 (22. gxf3 {looks sharper.} Qg5+ 23. Kf1 Rfd8 24. Rd5) 22... Rfxd8 23. gxf3 Ne5 (23... Rxd1+ $1 $11 24. Rxd1 Ne5) 24. Nd5 $1 $14 Kg7 25. f4 Nc4 26. b3 Nd6 27. f3 Nb5 28. Rac1 Nc3 29. Nxc3 $1 Rxc3 (29... Rxd1+ {feels hotter.} 30. Rxd1 bxc3 31. Kf2 c2) 30. Rxd8 Rxc1+ 31. Kf2 (31. Kg2 Rc2+ 32. Kg3 Rxa2 $11) 31... Rc2+ 32. Kg3 Rxa2 33. Ra8 Ra3 34. Ra7 Rxb3 35. Rxa5 Rb1 36. Rb5 b3 37. Rb6 b2 38. Kg2 Kf8 39. Rb7 Ke8 40. Kh3 Kd8 41. Kg2 Kc8 $1 42. Rb3 (42. Rb4 $142) 42... Kc7 $19 43. e5 Kc6 $1 44. Rb8 Kd5 45. h3 $2 (45. Rb4) 45... Kd4 46. Rb3 Kc4 47. Rb7 Kd3 $2 (47... h6 48. Rb6 Kc3) 48. Rb8 $2 (48. h4) 48... Ke3 (48... h5 $142 {And now ...h4 would win.} 49. Rb6 h4) 49. Rb4 (49. Rb6 $142 Kxf4 50. Rb4+ Kxe5 51. h4) 49... h6 50. h4 h5 $2 (50... Kd3 $19 {and Black stays clearly on top.} 51. Rb7 h5) 51. Rb7 $17 {[%emt 0:00:18] [#]} Kd4 ({Of course not} 51... Kxf4 $6 52. Rxf7+ Kxe5 53. Rb7 $11) (51... Re1 $1 $17 52. Rb3+ Kxf4 53. Rxb2 Kxe5 (53... Rxe5 54. Rb7 $11)) 52. Rb8 $2 (52. Rd7+ $11 Kc3 53. Rc7+ Kd3 54. Rd7+ Ke2 55. Rb7) 52... Kc3 53. Rc8+ Kd3 54. Rb8 Re1 55. Rxb2 {[%emt 0:00:03] [#]} Re2+ $1 56. Rxe2 Kxe2 57. Kg3 Ke3 0-1

[Event "Grand Prix Romania 1st Stage 2024"]
[Site "Bucuresti"]
[Date "2024.03.23"]
[Round "4.13"]
[White "Fridman, Daniel"]
[Black "Ghimpu, Samuel-Timotei"]
[Result "0-1"]
[ECO "D02"]
[WhiteElo "2590"]
[BlackElo "2467"]
[Annotator "TA"]
[PlyCount "116"]
[EventDate "2024.03.20"]
[EventType "swiss"]
[EventCountry "ROU"]
[SourceTitle "playchess.com"]
[Source "ChessBase"]
[SourceQuality "1"]
[TimeControl "900+5"]

1. Nf3 d5 2. g3 Nf6 3. Bg2 e6 4. d4 Bd6 5. O-O O-O 6. c4 Nc6 7. Nbd2 a5 8. b3 Ne4 9. Bb2 f5 10. e3 b6 11. Ne5 Nxe5 12. dxe5 Bb4 13. Nf3 dxc4 14. bxc4 a4 15. a3 Be7 16. Nd4 Qd7 17. Qc2 Bb7 18. Rad1 Qc8 19. Kh1 Ra5 20. g4 g6 21. gxf5 gxf5 22. Rg1 Kh8 23. f3 Nc5 24. f4 Ne4 25. Bf3 Bh4 26. Rdf1 Rg8 27. Rxg8+ $2 (27. Nxf5 $1 $18 {and the rest is easy.} Rxg1+ (27... exf5 $2 28. Qxe4 Bxe4 29. e6+ $18) 28. Rxg1 Ng3+ (28... exf5 $2 29. Qxe4 h5 30. Qxb7 $18) 29. hxg3 Bxf3+ 30. Kh2) 27... Qxg8 $16 {[%emt 0:00:03] [#]} 28. Nxf5 $1 exf5 (28... Nf2+ $2 29. Rxf2 Bxf2 (29... exf5 30. e6+) 30. Qxf2 $18 (30. Bxb7 $2 Qg1#)) 29. e6+ Bf6 30. Bxf6+ (30. Qxe4 $1 $16 Bxe4 31. Bxf6+ Qg7 32. Bxg7+ Kxg7 33. Bxe4 fxe4 34. f5) 30... Nxf6 $11 31. Bxb7 Qxe6 32. Qc3 Rc5 33. Rg1 Rxc4 (33... Qxc4 34. Qxf6#) 34. Qe5 (34. Qb2 $11 {remains equal.}) 34... Qxe5 $17 35. fxe5 Ng4 36. e6 {[%emt 0:00:01] [#]} Rc5 $1 (36... Nxe3 37. e7 Ng4 38. e8=Q+ (38. e8=R+ Kg7 $18) 38... Kg7 39. Qe7+ Kg6 40. Qe6+ Kg5 41. Qxc4) 37. h3 (37. e4 $17 {was called for.} Nf2+ (37... Rc2 $2 38. Rxg4 fxg4 39. e7 $18) 38. Kg2 Nxe4 39. Kf3) 37... Nf6 (37... Nxe3 $19 38. Re1 Re5) 38. Bc8 (38. Kh2 $17) 38... Re5 $19 39. Rc1 c5 (39... Rxe3 40. Rxc7 Rxh3+ (40... Rxa3 $2 41. Kg2 $19) 41. Kg2 Rxa3 42. Rf7 $11) 40. Rc4 $2 (40. Kg1 {is a better defense.}) 40... b5 $19 (40... Rxe3 $2 41. Rxa4 Nd5 (41... Rxh3+ 42. Kg2 $17) 42. Kg1 $19) 41. Rc1 Kg7 (41... Rxe3 42. Rxc5 f4 (42... Rxa3 43. Rxb5 Rc3 44. Rxf5 $11) (42... Rxh3+ 43. Kg2 $15) 43. Rxb5 $15) (41... c4 42. Bd7 $19) 42. Bd7 b4 (42... Rxe3 43. Bxb5 Rxe6 (43... Rxh3+ 44. Kg2 $11) (43... Rxa3 44. Rxc5 Ra1+ 45. Kg2 $11) 44. Rxc5 $11) 43. axb4 cxb4 44. Bxa4 Rxe6 45. Rb1 (45. Rc5 $142) 45... Rxe3 $19 46. Rxb4 Rxh3+ 47. Kg2 Rd3 48. Bc6 $2 (48. Rc4) 48... Kg6 $19 49. Bf3 Kg5 50. Rb7 (50. Be2 $142 Re3 51. Kf2) 50... h5 $19 51. Be2 Re3 52. Kf2 Kf4 53. Kf1 Ne4 54. Bd1 h4 55. Rh7 h3 56. Rh8 Rg3 57. Be2 Ke3 58. Re8 h2 0-1

[Event "Grand Prix Romania 1st Stage 2024"]
[Site "Bucuresti"]
[Date "2024.03.23"]
[Round "4.14"]
[White "Bologan, Victor"]
[Black "Filip, Lucian-Ioan"]
[Result "1-0"]
[ECO "C11"]
[WhiteElo "2594"]
[BlackElo "2359"]
[Annotator "TA"]
[PlyCount "53"]
[EventDate "2024.03.20"]
[EventType "swiss"]
[EventCountry "ROU"]
[SourceTitle "playchess.com"]
[Source "ChessBase"]
[SourceQuality "1"]
[TimeControl "900+5"]

1. e4 e6 2. d4 d5 3. Nc3 Nf6 4. e5 Nfd7 5. Nce2 c5 6. c3 Nc6 7. f4 b5 8. a3 a5 9. Nf3 Ba6 {[%emt 0:00:36] [#]} 10. f5 $1 exf5 11. Nf4 {[%emt 0:00:03] White is slightly better.} Nb6 12. Bd3 g6 13. O-O {[%emt 0:00:10] aiming for e6.} (13. dxc5 {keeps more tension.} Na4 14. Nd4 Rc8 15. e6) 13... Be7 {[%emt 0:00:11] [#]} (13... c4 $11 {keeps the balance.}) 14. dxc5 $1 $16 {[%emt 0:00:56] White is more active.} Bxc5+ 15. Kh1 O-O 16. Qe2 {[%emt 0:00:22][%cal Oa3a4] Hoping for a4!} Re8 $1 17. Bxb5 Qc8 18. Rd1 {[%emt 0:03:09][%cal Ob2b4] Threatens to win with b4!} Rd8 $2 (18... Bf8 $11 {and Black stays safe.}) 19. e6 $18 Re8 20. b4 ({Not} 20. Nxd5 Rxe6 (20... fxe6 $2 {perishes.} 21. Nf6+ Kg7 22. Nxe8+ Qxe8 23. Bxa6 $18) 21. Bxa6 Rxa6 $11) 20... Bxb5 $2 (20... axb4 {is more resistant.} 21. cxb4 Bxb4 22. axb4 Bxb5 23. Rxa8 (23. Qxb5 Rxa1 24. exf7+ Kxf7 $18) 23... Bxe2 24. Rxc8 Nxc8 25. Nxe2 Nxb4 26. exf7+ Kxf7) 21. Qxb5 Bf2 (21... fxe6 $142 22. Qxc5 Na4) 22. Qf1 Na4 (22... fxe6 $142 23. Qxf2 Nc4) 23. exf7+ {[%emt 0:00:16] White is clearly winning.} Kxf7 24. Ng5+ Kg8 25. Nxd5 Nxc3 26. Nxc3 {[%emt 0:00:11] Black must now prevent Qc4+.} Bd4 27. Qc4+ {[%emt 0:00:27] Weighted Error Value: White=0.41/Black=0.83.  Loses game:     	---       	Black=1      Mistake:       	---       	Black=4      Inaccurate:     	White=2     	---        OK:         	White=5     	Black=6      Best:        	White=3     	Black=1      Strong:       	White=1     	Black=1} 1-0

[Event "Grand Prix Romania 1st Stage 2024"]
[Site "Bucuresti"]
[Date "2024.03.23"]
[Round "4.15"]
[White "Bulau, Andrei-Cristian"]
[Black "Kozak, Adam"]
[Result "0-1"]
[ECO "E39"]
[WhiteElo "2142"]
[BlackElo "2607"]
[Annotator "TA"]
[PlyCount "164"]
[EventDate "2024.03.20"]
[EventType "swiss"]
[EventCountry "ROU"]
[SourceTitle "playchess.com"]
[Source "ChessBase"]
[SourceQuality "1"]
[TimeControl "900+5"]

1. d4 Nf6 2. c4 e6 3. Nc3 Bb4 4. Qc2 c5 5. dxc5 O-O 6. Nf3 Na6 7. g3 Nxc5 8. Bg2 Nce4 9. O-O Bxc3 10. bxc3 Qc7 11. Bf4 Qc5 12. Ne5 d6 13. Nd3 Qxc4 14. Nb2 Qc6 15. Rfd1 d5 16. c4 Re8 17. Qb3 Qc5 18. Be3 Qe7 19. Rac1 b6 20. cxd5 exd5 21. Nd3 Ba6 22. Bd4 Rac8 23. Qb2 Qf8 24. Rxc8 Rxc8 25. Nf4 Bc4 {[%emt 0:00:12] [#]} (25... Qe7 $11 {keeps the balance.}) 26. Nxd5 (26. f3 $1 $16 ) 26... Bxd5 $11 27. Bxf6 Nxf6 28. Bxd5 Nxd5 29. Rxd5 Qe7 30. Qd2 h6 31. Rd7 Qe4 32. Rxa7 Qb1+ (32... Rc2 $11 33. Re7 Rxd2 34. Rxe4 Rxa2) 33. Kg2 $16 Qe4+ 34. f3 Qf5 35. Re7 b5 36. Qd7 (36. Qd4 $16) 36... Qxd7 $11 37. Rxd7 Rc2 38. Rb7 Rxe2+ 39. Kh3 Re5 40. Kg4 f6 41. f4 Rc5 42. Kf3 h5 43. Ke4 h4 44. gxh4 Kh7 45. Kd4 Rc2 46. Rxb5 Rxa2 47. Ke4 Rxh2 48. h5 Kh6 49. Kf3 Rxh5 50. Rb8 Ra5 51. Rb7 Kg6 52. Kg3 Ra3+ 53. Kg4 Rc3 54. Ra7 Rb3 55. Rc7 Rb4 56. Ra7 Kh6 57. Kg3 Rb3+ 58. Kg4 Rb1 59. Ra6 Rg1+ 60. Kf3 Rf1+ 61. Kg3 Kg6 62. Ra5 Rb1 63. Kg4 $1 f5+ 64. Kh4 Rg1 65. Ra6+ Kh7 66. Kh3 Rg4 67. Ra4 Kh6 68. Rb4 $2 {[%emt 0:00:03][%mdl 8192] [#]} (68. Rc4 $11 g6 69. Rd4) 68... g6 $1 69. Ra4 Kh5 70. Rb4 g5 71. Rb8 Rxf4 ({Worse is} 71... gxf4 72. Rh8+ Kg6 73. Rg8+ Kh5 74. Rh8+ Kg6 75. Rg8+ Kh5 76. Rh8+ $11) 72. Rh8+ Kg6 73. Rg8+ Kf6 74. Rf8+ Kg7 75. Re8 Re4 76. Rd8 Re3+ 77. Kg2 Kg6 78. Kf2 f4 79. Rd6+ Kf5 80. Rd8 Kg4 81. Rg8 Rb3 82. Kg2 Rb2+ 0-1

[Event "Grand Prix Romania 1st Stage 2024"]
[Site "Bucuresti"]
[Date "2024.03.23"]
[Round "4.16"]
[White "Gavrilescu, David"]
[Black "Toma, Radu-Cristian"]
[Result "1-0"]
[ECO "B82"]
[WhiteElo "2524"]
[BlackElo "2386"]
[Annotator "TA"]
[PlyCount "57"]
[EventDate "2024.03.20"]
[EventType "swiss"]
[EventCountry "ROU"]
[SourceTitle "playchess.com"]
[Source "ChessBase"]
[SourceQuality "1"]
[TimeControl "900+5"]

1. e4 c5 2. Nf3 e6 3. d4 cxd4 4. Nxd4 Nc6 5. a3 Nf6 6. Nc3 Qc7 7. Be3 a6 8. f4 d6 9. Qf3 Be7 10. O-O-O Rb8 (10... O-O $14) 11. g4 Nd7 12. Bg2 {[%emt 0:01:31] White has more active pieces.} (12. g5 $16) 12... b5 $11 13. Nxc6 (13. g5 $14) 13... Qxc6 14. Ba7 Rb7 15. Bd4 a5 {[%emt 0:00:40] Strongly threatening ...b4.} 16. Rhe1 b4 (16... e5 17. Bf2 $14) 17. Nd5 (17. Bxg7 Rg8 18. Bd4 bxc3 19. Bxc3 Nc5 $17) 17... bxa3 (17... exd5 $15 {stays ahead.} 18. exd5 (18. Bxg7 Rc7 $17) 18... Qc7) 18. Qxa3 $16 (18. Bxg7 axb2+ (18... Rxb2 19. Re2 $11) 19. Kb1 Ne5 (19... Qa4 $2 20. Bxb2 Rxb2+ 21. Kxb2 $17) 20. Bxe5 (20. fxe5 $2 Qa4 $19) 20... dxe5 $19) 18... exd5 19. exd5 Qc7 20. Rd3 ({White should play} 20. Bxg7 $14 Rg8 21. Bd4) 20... Rb4 $2 (20... Kd8 $1 $11 {and Black stays safe.}) 21. Bxg7 $18 ({Weaker is} 21. Rc3 Qd8 22. Bxg7 Rg8 $14) 21... Rg8 {[%emt 0:00:02] [#]} 22. Rde3 $1 Kd8 23. Rxe7 Rxf4 24. Qe3 {[%emt 0:00:15] Re8+ would kill now.} Qc4 25. b3 Qb4 26. Bc3 Qa3+ 27. Bb2 {[%emt 0:00:01] This pair of bishops is nice.} Qb4 28. c3 Qb6 29. Rxd7+ {[%emt 0:00:04] Weighted Error Value: White=0.18 (very precise) /Black=0.78.  Loses game:     	---       	Black=1      Mistake:       	White=3     	Black=2      Inaccurate:     	White=1     	Black=2      OK:         	White=5     	Black=5      Best:        	White=1     	Black=2      Strong:       	White=1     	---} 1-0

[Event "Grand Prix Romania 1st Stage 2024"]
[Site "Bucuresti"]
[Date "2024.03.23"]
[Round "4.17"]
[White "Nedelcu, Teodor-Cosmin"]
[Black "Lupulescu, Constantin"]
[Result "1/2-1/2"]
[ECO "D51"]
[WhiteElo "2306"]
[BlackElo "2579"]
[Annotator "TA"]
[PlyCount "105"]
[EventDate "2024.03.20"]
[EventType "swiss"]
[EventCountry "ROU"]
[SourceTitle "playchess.com"]
[Source "ChessBase"]
[SourceQuality "1"]
[TimeControl "900+5"]

1. d4 Nf6 2. c4 e6 3. Nc3 d5 4. Bg5 Nbd7 5. e3 c6 6. Bd3 Qa5 7. Bxf6 Nxf6 8. Nge2 Be7 9. O-O O-O 10. a3 dxc4 11. Bxc4 c5 12. d5 exd5 13. Nxd5 Nxd5 14. Bxd5 Qc7 15. Rc1 Bd7 16. b4 Rad8 17. Qb3 b6 18. Rfd1 Qe5 19. bxc5 Bxc5 20. Nf4 Qe7 21. Bf3 {[%emt 0:00:42] Gegen Bg4 gerichtet.} Bf5 22. Nd5 Qe5 23. Nb4 {[%emt 0:00:39] Droht stark Rxd8.} Be6 {[%emt 0:00:43] Ein starkes Läuferpaar.} 24. Qa4 Bxb4 (24... Rxd1+ $15 25. Rxd1 Qc3 26. Qxa7 Bxb4 27. axb4 Qxb4) 25. axb4 $11 a5 26. bxa5 Qxa5 27. Qxa5 bxa5 28. Rxd8 Rxd8 {[%emt 0:00:01][%mdl 4096] Endspiel. KRB-KRB} 29. Ra1 Rc8 30. Kf1 Rc5 31. Ke2 Kf8 32. Kd3 Ke7 33. Rb1 Bf5+ 34. e4 Be6 35. Bd1 Rc7 36. f4 g6 37. g4 Bd7 38. Ra1 Ra7 39. Kc4 Rc7+ 40. Kd4 a4 41. Ra2 Bb5 42. Bc2 Rc4+ 43. Kd5 {[%emt 0:00:10] [#] Und Bd3 würde nun gewinnen.} Rc7 44. Kd4 f6 45. h4 Rc4+ 46. Kd5 Rc7 {[%emt 0:00:01] [#] Und jetzt ...Bc4+ wäre schön.} 47. Kd4 Kd6 48. Rb2 (48. g5 $11 {hält das Gleichgewicht.}) 48... Rc4+ $17 49. Ke3 {[%emt 0:00:24][%cal Oc2d3] Zielt auf Bd3! ab.} Rc3+ (49... Kc5 $17 {...a3 wäre nun fies.} 50. Bd3 a3 51. Bxc4 (51. Rb3 $2 a2 $19) 51... axb2) 50. Kd4 (50. Kd2 $5 Rc5 $8 51. g5 fxg5 52. hxg5 $14) 50... Rc4+ (50... Rc5 $11) 51. Ke3 Rc3+ (51... Kc5 $17 {Droht ...a3 und aus.} 52. Bd3 a3 53. Bxc4 (53. Rb3 $2 a2 $19) 53... axb2) 52. Kd4 (52. Kd2 $5 Rc5 $8 53. g5 fxg5 54. e5+ Kc7 55. hxg5 $11) 52... Rc4+ (52... Rc5 $11) 53. Ke3 {Gewichteter Fehlerwert: Weiß=0.07 (makellos) /Schwarz=0.09 (makellos) .  Fehler:       	Weiß=1     	Schwarz=5     Ungenau:       	Weiß=2     	---        OK:         	Weiß=17    	Schwarz=18    Bester:       	Weiß=3     	Schwarz=1} 1/2-1/2